[ AOE2 MATCH · #505996499 ]
UnrankedCumans vs Koreans
Player's team · WIN
Rival team · LOSS
[ REPLAY ANALYSIS · EXTRACTED FROM THE RECORDED GAME ]
Feudal
8:51
Castle
21:00
Imperial
—
| APM avg | 57.9 |
| APM peak | 94 |
| eAPM avg | 22.6 |
| Villagers / military | 117 / 32 |
Focus
⚔️ 28.6% · 🌾 71.4%
Kipchak ×23 · Mangonel ×3 · Knight ×2 · Battering Ram ×2 · Scout Cavalry ×2
Feudal
9:17
Castle
19:52
Imperial
—
| APM avg | 52.3 |
| APM peak | 104 |
| eAPM avg | 22.2 |
| Villagers / military | 59 / 21 |
Focus
⚔️ 40.5% · 🌾 59.5%
Fire Lancer ×8 · Spearman ×4 · Iron Pagoda ×3 · Archer ×2 · Scorpion ×2 · Skirmisher ×2
Match map
Initial resources + every placement click. Lines = walls · curves = elevation contours. ◆ gold · ⬟ stone · ● berries · ✦ relic · ◌ wall gap
Your base· Open — 4t gap
mentalist_'s base· Open — unwalled flank
Smoothed initial terrain · ◌ = detected wall gap · hover for details
Inputs per minute
— Gabi - - mentalist_
Build order — Gabi
First 150 of 246 actions detected
| 0:01 | Create | Villager (Male) |
| 0:01 | Create | Villager (Male) |
| 0:02 | Build | House |
| 0:03 | Build | House |
| 0:13 | Create | Villager (Male) |
| 0:21 | Create | Villager (Male) |
| 1:35 | Create | Villager (Male) |
| 1:52 | Build | Lumber Camp |
| 2:02 | Create | Villager (Male) |
| 2:17 | Create | Villager (Male) |
| 2:40 | Create | Villager (Male) |
| 3:11 | Create | Villager (Male) |
| 3:27 | Build | House |
| 3:38 | Create | Villager (Male) |
| 4:03 | Create | Villager (Male) |
| 4:14 | Build | Mill |
| 4:18 | Create | Villager (Male) |
| 4:19 | Create | Villager (Male) |
| 4:50 | Create | Villager (Male) |
| 5:00 | Build | Palisade Wall |
| 5:05 | Build | Palisade Wall |
| 5:45 | Create | Villager (Male) |
| 6:07 | Research | Loom |
| 6:39 | Research | Feudal Age |
| 7:16 | Build | House |
| 8:25 | Create | Villager (Male) |
| 8:42 | Create | Villager (Male) |
| 8:51 | Age | Feudal Age |
| 8:54 | Create | Villager (Male) |
| 8:56 | Build | Town Center |
| 8:58 | Research | Double-Bit Axe |
| 9:00 | Research | Horse Collar |
| 9:18 | Create | Villager (Male) |
| 10:00 | Create | Villager (Male) |
| 10:25 | Create | Villager (Male) |
| 10:33 | Build | Farm |
| 10:34 | Build | Farm |
| 10:40 | Create | Villager (Male) |
| 10:57 | Create | Villager (Male) |
| 11:06 | Build | Farm |
| 11:13 | Build | House |
| 11:23 | Create | Villager (Male) |
| 11:24 | Build | Farm |
| 11:26 | Build | Farm |
| 11:30 | Build | Farm |
| 11:32 | Build | House |
| 11:39 | Create | Villager (Male) |
| 11:52 | Build | Farm |
| 11:58 | Build | House |
| 12:00 | Create | Villager (Male) |
| 12:06 | Build | Outpost |
| 12:12 | Create | Villager (Male) |
| 12:16 | Create | Villager (Male) |
| 12:24 | Build | House |
| 12:33 | Build | Watch Tower |
| 12:35 | Create | Villager (Male) |
| 12:39 | Build | Farm |
| 12:42 | Build | Palisade Wall |
| 12:55 | Create | Villager (Male) |
| 13:01 | Build | House |
| 13:05 | Build | Farm |
| 13:08 | Create | Villager (Male) |
| 13:17 | Build | Palisade Wall |
| 13:22 | Create | Villager (Male) |
| 13:24 | Create | Villager (Male) |
| 13:28 | Build | Farm |
| 13:34 | Build | Palisade Wall |
| 13:35 | Build | Palisade Wall |
| 13:38 | Create | Villager (Male) |
| 13:48 | Build | Watch Tower |
| 13:50 | Build | House |
| 13:52 | Create | Villager (Male) |
| 14:01 | Build | Palisade Wall |
| 14:03 | Build | Palisade Wall |
| 14:06 | Create | Villager (Male) |
| 14:09 | Build | Farm |
| 14:12 | Create | Villager (Male) |
| 14:16 | Create | Villager (Male) |
| 14:24 | Build | House |
| 14:28 | Create | Villager (Male) |
| 14:45 | Build | Farm |
| 14:49 | Create | Villager (Male) |
| 14:53 | Create | Villager (Male) |
| 14:54 | Create | Villager (Male) |
| 14:58 | Build | Farm |
| 15:04 | Create | Villager (Male) |
| 15:13 | Build | Mining Camp |
| 15:21 | Create | Villager (Male) |
| 15:27 | Create | Villager (Male) |
| 15:27 | Create | Villager (Male) |
| 15:30 | Create | Villager (Male) |
| 15:47 | Build | Farm |
| 16:06 | Build | Barracks |
| 16:11 | Create | Villager (Male) |
| 16:31 | Create | Villager (Male) |
| 16:43 | Build | Market |
| 16:45 | Build | House |
| 16:50 | Build | Farm |
| 16:54 | Create | Villager (Male) |
| 17:06 | Create | Villager (Male) |
| 17:10 | Build | Farm |
| 17:16 | Build | Watch Tower |
| 17:20 | Create | Villager (Male) |
| 17:22 | Build | Stable |
| 17:29 | Build | House |
| 17:31 | Create | Villager (Male) |
| 17:33 | Build | Outpost |
| 17:39 | Build | House |
| 17:44 | Build | Palisade Wall |
| 17:45 | Create | Villager (Male) |
| 17:54 | Build | Outpost |
| 18:04 | Build | Farm |
| 18:20 | Research | Castle Age |
| 18:25 | Build | Lumber Camp |
| 18:31 | Create | Villager (Male) |
| 18:36 | Create | Scout Cavalry |
| 18:40 | Build | Palisade Wall |
| 18:47 | Create | Villager (Male) |
| 18:52 | Build | Blacksmith |
| 18:55 | Create | Villager (Male) |
| 18:58 | Build | Palisade Wall |
| 19:07 | Create | Scout Cavalry |
| 19:12 | Build | Watch Tower |
| 19:32 | Build | Siege Workshop |
| 19:39 | Create | Villager (Male) |
| 19:55 | Research | Fletching |
| 20:04 | Create | Battering Ram |
| 20:07 | Create | Villager (Male) |
| 20:15 | Create | Villager (Male) |
| 20:30 | Create | Battering Ram |
| 20:33 | Create | Villager (Male) |
| 20:53 | Create | Villager (Male) |
| 20:58 | Build | Farm |
| 21:00 | Age | Castle Age |
| 21:07 | Create | Villager (Male) |
| 21:11 | Build | Mining Camp |
| 21:20 | Create | Villager (Male) |
| 21:31 | Create | Knight |
| 21:35 | Create | Mangonel |
| 21:56 | Create | Villager (Male) |
| 22:12 | Create | Villager (Male) |
| 22:18 | Create | Villager (Male) |
| 22:29 | Create | Villager (Male) |
| 22:29 | Create | Villager (Male) |
| 22:37 | Create | Villager (Male) |
| 22:50 | Create | Villager (Male) |
| 23:02 | Create | Villager (Male) |
| 23:11 | Create | Villager (Male) |
| 23:13 | Create | Mangonel |
| 23:19 | Build | Farm |
Build order — mentalist_
First 150 of 166 actions detected
| 0:01 | Create | Villager (Male) |
| 0:03 | Build | House |
| 0:03 | Create | Villager (Male) |
| 0:04 | Build | House |
| 0:05 | Create | Villager (Male) |
| 0:10 | Create | Villager (Male) |
| 1:27 | Create | Villager (Male) |
| 1:44 | Build | Lumber Camp |
| 2:04 | Create | Villager (Male) |
| 2:14 | Create | Villager (Male) |
| 2:14 | Create | Villager (Male) |
| 2:42 | Create | Villager (Male) |
| 3:05 | Create | Villager (Male) |
| 3:24 | Build | House |
| 3:44 | Create | Villager (Male) |
| 3:44 | Create | Villager (Male) |
| 4:06 | Create | Villager (Male) |
| 4:11 | Build | Mill |
| 4:50 | Create | Villager (Male) |
| 5:00 | Create | Villager (Male) |
| 5:05 | Create | Villager (Male) |
| 5:52 | Create | Villager (Male) |
| 5:55 | Build | House |
| 6:35 | Build | Lumber Camp |
| 6:37 | Research | Loom |
| 6:37 | Research | Loom |
| 7:07 | Research | Feudal Age |
| 8:27 | Build | Barracks |
| 8:52 | Create | Villager (Male) |
| 9:04 | Build | House |
| 9:15 | Build | Palisade Wall |
| 9:17 | Build | Palisade Wall |
| 9:17 | Age | Feudal Age |
| 9:19 | Create | Villager (Male) |
| 9:26 | Research | Double-Bit Axe |
| 9:41 | Build | Farm |
| 9:44 | Create | Villager (Male) |
| 9:46 | Build | Farm |
| 9:51 | Build | Farm |
| 9:52 | Build | Farm |
| 10:08 | Build | Mill |
| 10:11 | Create | Villager (Male) |
| 10:24 | Create | Spearman |
| 10:26 | Create | Villager (Male) |
| 10:35 | Create | Villager (Male) |
| 10:59 | Create | Villager (Male) |
| 11:08 | Build | Archery Range |
| 11:15 | Build | Farm |
| 11:26 | Build | Farm |
| 11:34 | Create | Villager (Male) |
| 11:40 | Build | Mining Camp |
| 11:42 | Create | Archer |
| 11:47 | Build | House |
| 11:51 | Create | Villager (Male) |
| 12:14 | Create | Villager (Male) |
| 12:16 | Build | House |
| 12:24 | Create | Skirmisher |
| 12:38 | Create | Villager (Male) |
| 12:41 | Build | Farm |
| 12:50 | Create | Villager (Male) |
| 12:52 | Create | Skirmisher |
| 13:00 | Build | Farm |
| 13:13 | Create | Villager (Male) |
| 13:21 | Build | Blacksmith |
| 13:29 | Build | Farm |
| 13:33 | Build | Farm |
| 13:36 | Create | Villager (Male) |
| 14:01 | Build | Watch Tower |
| 14:01 | Create | Villager (Male) |
| 14:10 | Build | Mining Camp |
| 14:37 | Build | House |
| 14:39 | Create | Villager (Male) |
| 14:44 | Create | Villager (Male) |
| 14:50 | Create | Archer |
| 15:10 | Create | Villager (Male) |
| 15:23 | Create | Villager (Male) |
| 15:41 | Create | Villager (Male) |
| 15:55 | Research | Wheelbarrow |
| 15:56 | Research | Wheelbarrow |
| 16:48 | Research | Castle Age |
| 16:49 | Create | Spearman |
| 16:59 | Research | Stone Mining |
| 17:13 | Create | Spearman |
| 17:29 | Research | Horse Collar |
| 17:30 | Research | Horse Collar |
| 17:39 | Build | Stone Wall |
| 17:40 | Build | Stone Wall |
| 17:47 | Build | Lumber Camp |
| 17:59 | Build | Watch Tower |
| 18:14 | Create | Spearman |
| 18:18 | Build | House |
| 18:30 | Research | Fletching |
| 19:05 | Build | Watch Tower |
| 19:28 | Build | Watch Tower |
| 19:52 | Age | Castle Age |
| 19:57 | Research | Bodkin Arrow |
| 19:57 | Create | Villager (Male) |
| 20:09 | Create | Villager (Male) |
| 20:17 | Build | Siege Workshop |
| 20:18 | Create | Villager (Male) |
| 20:28 | Create | Fire Lancer |
| 20:34 | Create | Villager (Male) |
| 20:51 | Create | Villager (Male) |
| 20:57 | Create | Iron Pagoda |
| 21:06 | Create | Fire Lancer |
| 21:31 | Create | Villager (Male) |
| 21:36 | Create | Fire Lancer |
| 21:48 | Build | Watch Tower |
| 21:49 | Create | Villager (Male) |
| 21:54 | Create | Fire Lancer |
| 22:16 | Create | Fire Lancer |
| 22:30 | Build | House |
| 22:45 | Create | Iron Pagoda |
| 22:46 | Create | Villager (Male) |
| 22:52 | Build | Watch Tower |
| 22:57 | Build | Watch Tower |
| 22:59 | Create | Villager (Male) |
| 23:23 | Create | Villager (Male) |
| 23:24 | Create | Fire Lancer |
| 23:33 | Create | Villager (Male) |
| 23:42 | Build | Watch Tower |
| 23:45 | Create | Fire Lancer |
| 23:50 | Create | Villager (Male) |
| 23:52 | Build | Farm |
| 23:59 | Create | Fire Lancer |
| 24:03 | Create | Villager (Male) |
| 24:14 | Build | House |
| 24:23 | Research | Town Watch |
| 24:25 | Build | House |
| 24:35 | Build | Watch Tower |
| 24:40 | Build | House |
| 24:41 | Create | Villager (Male) |
| 25:04 | Create | Villager (Male) |
| 25:12 | Create | Iron Pagoda |
| 25:30 | Create | Villager (Male) |
| 25:42 | Create | Villager (Male) |
| 25:47 | Build | Town Center |
| 26:43 | Build | Siege Workshop |
| 26:55 | Build | House |
| 26:56 | Build | House |
| 26:58 | Build | Farm |
| 26:59 | Build | Farm |
| 27:00 | Build | Farm |
| 27:03 | Build | Farm |
| 27:04 | Create | Scorpion |
| 27:20 | Build | Farm |
| 27:22 | Build | Farm |
| 27:35 | Build | Mining Camp |
| 27:42 | Create | Scorpion |
| 27:44 | Build | Watch Tower |
Match timeline
| 5:00 | Gabi · wall_segment Palisade Wall x1 |
| 5:05 | Gabi · wall_segment Palisade Wall x1 |
| 8:27 | mentalist_ · first_building Barracks |
| 8:51 | Gabi · age_up feudal |
| 9:15 | mentalist_ · wall_segment Palisade Wall x1 |
| 9:17 | mentalist_ · wall_segment Palisade Wall x1 |
| 9:17 | mentalist_ · age_up feudal |
| 11:08 | mentalist_ · first_building Archery Range |
| 12:42 | Gabi · wall_segment Palisade Wall x7 |
| 13:17 | Gabi · wall_segment Palisade Wall x8 |
| 13:34 | Gabi · wall_segment Palisade Wall x1 |
| 13:35 | Gabi · wall_segment Palisade Wall x1 |
| 14:01 | Gabi · wall_segment Palisade Wall x1 |
| 14:03 | Gabi · wall_segment Palisade Wall x1 |
| 16:06 | Gabi · first_building Barracks |
| 17:22 | Gabi · first_building Stable |
| 17:39 | mentalist_ · wall_segment Stone Wall x2 |
| 17:40 | mentalist_ · wall_segment Stone Wall x1 |
| 17:44 | Gabi · wall_segment Palisade Wall x1 |
| 17:59 | Gabi · first_market_sell 100 stone |
| 18:02 | Gabi · first_market_buy 100 food |
| 18:40 | Gabi · wall_segment Palisade Wall x1 |
| 18:58 | Gabi · wall_segment Palisade Wall x1 |
| 19:32 | Gabi · first_building Siege Workshop |
| 19:52 | mentalist_ · age_up castle |
| 20:17 | mentalist_ · first_building Siege Workshop |
| 21:00 | Gabi · age_up castle |
| 24:29 | Gabi · first_building Castle |
| 31:01 | mentalist_ · first_market_sell 100 wood |
| 31:02 | mentalist_ · first_market_buy 100 stone |
| 32:30 | mentalist_ · resign |
[ AI ANALYSIS · 1 CREDIT ]
What really happened in this match?
Wolo.gg analyzes every decision: build order, eco, micro, common mistakes by bracket. Personalized analysis on WhatsApp or Discord in 30 seconds.
Civ guide
Cumans
Perfil
Jugador #2444511